 Dungeon Crawl Stone Soup version 0.30.1-9-gdf580d7c3d (webtiles) character file.

Game seed: 1272415717360095239

99 Amplified the Trooper (level 4, -3/24 (38) HPs)
             Began as a Hill Orc Hexslinger on Oct 5, 2023.
             Was an Initiate of Okawaru.
             Slain by Duvessa
             ... wielding a +0 short sword of draining
              (10 damage)
             ... on level 4 of the Dungeon.
             The game lasted 00:04:41 (2295 turns).

Amplified the Trooper (Hill Orc Hexslinger)         Turns: 2295, Time: 00:04:42

HP:   -3/24 (38)    AC:  5    Str: 13 (14) XL:     4   Next: 72%
MP:   5/5           EV: 11    Int: 11 (13) God:    Okawaru [......]
Gold: 65            SH:  0    Dex:  9 (11) Spells: 4/5 levels left

rFire   . . .        h - +1 broad axe
rCold   . . .        (no shield)
rNeg    . . .        m - +0 leather armour
rPois   .            j - +0 helmet
rElec   .            l - +0 cloak
rCorr   .            (no gloves)
SInv    .            (no boots)
Will    .....        (no amulet)
Stlth   +            (no ring)
HPRegen 0.24/turn    (no ring)
MPRegen 0.09/turn

%: no passive effects
@: very heavily drained, invisible (expiring)
A: no striking features
a: Renounce Religion


You were on level 4 of the Dungeon.
You worshipped Okawaru.
Okawaru was noncommittal.
You visited 1 branch of the dungeon, and saw 4 of its levels.

You collected 140 gold pieces.
You spent 75 gold pieces at shops.

Inventory:

Hand Weapons
 h - a +1 broad axe (weapon)
Missiles
 i - 6 poisoned darts
Armour
 c - a +0 robe
 j - a +0 helmet (worn)
 l - a +0 cloak (worn)
 m - a +0 leather armour (worn)
Jewellery
 a - a ring of protection from cold
 d - a ring of protection from cold
Scrolls
 b - 2 scrolls of poison
 e - a scroll of teleportation
 g - a scroll of fear
Potions
 k - a potion of resistance
 o - a potion of attraction {unknown}


   Skills:
 * Level 3.2 Fighting
 * Level 2.6 Axes
 - Level 1.7 Ranged Weapons
 * Level 2.6 Armour
 - Level 1.5 Dodging
 - Level 1.0 Spellcasting
 - Level 3.0 Hexes
 * Level 0.0 Invocations


You had 4 spell levels left.
You knew the following spells:

 Your Spells              Type           Power      Damage    Failure   Level
a - Slow                  Hex            28%        N/A       12%         1

Your spell library contained the following spells:

 Spells                   Type           Power      Damage    Failure   Level
 Apportation              Tloc           0%         N/A       38%         1
 Freeze                   Ice            0%         1d3       38%         1
 Necrotise                Necr           0%         1d4       38%         1
 Blink                    Tloc           0%         N/A       52%         2
 Cigotuvi's Dreadful Rot  Necr/Pois/Air  0%         N/A       52%         2
 Sublimation of Blood     Necr           0%         N/A       52%         2
 Wereblood                Tmut           0%         N/A       52%         2
 Inner Flame              Hex/Fire       3%         N/A       54%         3
 Portal Projectile        Hex/Tloc       6%         N/A       54%         3
 Cause Fear               Hex            3%         N/A       75%         4
 Frozen Ramparts          Ice            0%         1d1       77%         3
 Hailstorm                Conj/Ice       0%         3d3       77%         3
 Ignite Poison            Fire/Tmut/Pois 0%         N/A       77%         3
 Manifold Assault         Tloc           0%         N/A       99%         4
 Freezing Cloud           Conj/Ice/Air   0%         6-21      100%        5
 Storm Form               Tmut/Air       0%         N/A       100%        7
 Summon Small Mammal      Summ           Unusable   N/A       N/A         1
 Summon Hydra             Summ           Unusable   N/A       N/A         7

Dungeon Overview and Level Annotations

Branches:
Dungeon (4/15)
 Temple: D:4-7

Altars:
Makhleb
Okawaru

Shops:
D:3 ?

Annotations:
D:2 Natasha
D:4 Dowan, Duvessa


Message History

You strike the helpless Duvessa from behind!
You hit Duvessa.
Duvessa is heavily wounded.
Duvessa completely misses you.
You hit Duvessa but do no damage.
Duvessa is heavily wounded.
Duvessa barely misses you. Duvessa closely misses you.
You hit Duvessa.
Duvessa is heavily wounded.
Duvessa hits you with a +0 short sword of draining.
You feel drained.
You closely miss Duvessa.
Duvessa is heavily wounded.
Duvessa barely misses you. x2
You slash Duvessa!
Duvessa is almost dead.
Duvessa hits you with a +0 short sword of draining.
You feel drained.
You hit Duvessa but do no damage.
Duvessa is almost dead.
You flicker for a moment.
Duvessa barely misses you.
Duvessa hits you with a +0 short sword of draining.
You feel drained.
You hit Duvessa.
Duvessa is almost dead.
Duvessa hits you but does no damage.
You feel drained.
You hit Duvessa.
Duvessa is almost dead.
Duvessa hits you with a +0 short sword of draining.
* * * LOW HITPOINT WARNING * * *
You feel drained.
* * * LOW HITPOINT WARNING * * *
Duvessa gestures with her weapon.
Duvessa hits you but does no damage.
You feel drained.
It was a potion of degeneration.
There was something very wrong with that liquid.
You feel weakened.
You feel dopey.
You feel clumsy.
Duvessa hits you with a +0 short sword of draining!
You die...

##.######.# ##
#..)....).# .##
#.####...## #..
##<# #.# ..# ###.##
#.# ..# #...# ##.##
##..# ###.#
##...### ##...#
#.##
##..#...###..#..#
##.###.@####....###
.# #.....e## ##..##
.# #.###..## ##.#
.. ## ##..#### #..#
s ##.e..###..#
#.........####
#............#.
#..##.......... ##
#............##


You could see Duvessa (unable to see you).

Vanquished Creatures
  A hound (D:4)
  4 adders
  2 dart slugs
  3 ball pythons
  5 endoplasms
  3 goblins
  3 hobgoblins
  2 quokkas
  A frilled lizard (D:1)
  A kobold (D:2)
  7 rats
32 creatures vanquished.

Notes
Turn   | Place    | Note
-------+----------+-------------------------------------------
     0 | D:1      | Amplified the Hill Orc Hexslinger began the quest for the
                  | Orb.
     0 | D:1      | Reached XP level 1. HP: 16/16 MP: 2/2
   158 | D:1      | Reached skill level 1 in Armour
   204 | D:1      | Reached XP level 2. HP: 24/24 MP: 3/3
   784 | D:2      | Reached skill level 1 in Axes
   829 | D:2      | Reached XP level 3. HP: 17/30 MP: 4/4
  1266 | D:2      | Noticed Natasha
  1387 | D:3      | Found Zischaur's Magic Scroll Boutique.
  1522 | D:3      | Bought a scroll of enchant weapon for 75 gold pieces
  1605 | D:3      | Reached XP level 4. HP: 22/38 MP: 5/5
  1918 | D:3      | Found a faded altar of an unknown god.
  1997 | D:3      | Found a burning altar of Makhleb.
  2130 | D:4      | Noticed a scorpion
  2198 | D:4      | Found an iron altar of Okawaru.
  2206 | D:4      | Became a worshipper of Warmaster Okawaru
  2218 | D:4      | Noticed Duvessa
  2219 | D:4      | Noticed Dowan
  2295 | D:4      | Slain by Duvessa

Illustrated notes

Levels and vault maps discovered:
D:1:      wheals_arrival_shading, layout_basic, serial_bayou_pond_c,
          amcnicky_mini_rare_corridor_liquid
D:2:      layout_basic, uniq_natasha
D:3:      layout_basic, nicolae_overflow_ecumenical_swirl, serial_shops, shop
D:4:      layout_layer_cave, kennysheep_okawaru_gauntlet, enter_ossuary_4,
          uniq_duvessa

Skill      XL: |  1  2  3 |
---------------+----------+-----
Armour         | 1 2 |  2.6
Fighting       | 2 3 |  3.2
Axes           | 1 2 |  2.6
Ranged Weapons | |  1.7
Dodging        | |  1.5
Spellcasting   | |  1.0
Hexes          | |  3.0

Action                     |  1- 3 |  4- 6 || total
---------------------------+-------+-------++-------
  Melee: Short sword       |    29 |       ||    29
         Broad axe         |    73 |    29 ||   102
         Punch             |     1 |       ||     1
   Cast: Slow              |     2 |       ||     2
    Use: Scroll            |     8 |     2 ||    10
         Potion            |     2 |     2 ||     4
   Stab: Invisible         |       |     2 ||     2
         Sleeping          |       |     1 ||     1
 Armour: Robe              |    21 |       ||    21
         Leather armour    |       |    14 ||    14
  Dodge: Dodged            |    77 |    31 ||   108
